 Dungeon Crawl Stone Soup version 0.31-a0-614-gc85dc1c48c (webtiles) character file.

Game seed: 17814353954266386807

80 AdnanSaban the Trooper (level 4, 29/29 HPs)
             Began as a Gargoyle Fighter on Aug 22, 2023.
             Was an Initiate of Okawaru.
             Quit the game on level 3 of the Dungeon.
             The game lasted 00:01:21 (1969 turns).

AdnanSaban the Trooper (Gargoyle Fighter)           Turns: 1969, Time: 00:01:22

Health: 29/29      AC: 15    Str: 21    XL:     4   Next: 39%
Magic:  4/4        EV:  6    Int:  9    God:    Okawaru [......]
Gold:   122        SH:  4    Dex:  9    Spells: 3/3 levels left

rFire   . . .        a - +0 flail
rCold   . . .        c - +0 buckler
rNeg    + . .        o - +0 plate armour
rPois   ∞            (no helmet)
rElec   +            (no cloak)
rCorr   .            (no gloves)
SInv    .            (no boots)
Will    .....        (no amulet) Stlth
                     (no ring)
HPRegen 0.24/turn    (no ring)
MPRegen 0.09/turn

%: no passive effects
@: no status effects
A: sickness immunity, AC +3, negative energy resistance 1, electricity
resistance, torment resistance 1, petrification resistance
a: Renounce Religion


You were on level 3 of the Dungeon.
You worshipped Okawaru.
Okawaru was noncommittal.
You visited 1 branch of the dungeon, and saw 3 of its levels.

You collected 122 gold pieces.

Inventory:

Hand Weapons
 a - a +0 flail (weapon)
Armour
 c - a +0 buckler (worn)
 o - a +0 plate armour (worn)
Scrolls
 b - a scroll of enchant armour {unknown}
 e - a scroll of amnesia {unknown}
 g - a scroll of noise {unknown}
 h - 9 scrolls of identify {unknown}
 n - a scroll of fog {unknown}
 q - a scroll of vulnerability {unknown}
 r - a scroll of fear {unknown}
 u - a scroll of teleportation {unknown}
Potions
 d - a potion of might
 f - 2 potions of enlightenment {unknown}
 i - a potion of magic {unknown}
 j - a potion of brilliance {unknown}
 k - a potion of lignification {unknown}
 l - 2 potions of attraction {unknown}
 m - a potion of ambrosia {unknown}
 p - a potion of curing {unknown}
 s - 2 potions of heal wounds {unknown}
 t - a potion of degeneration {unknown}


   Skills:
 + Level 4.1 Fighting
 + Level 2.6 Maces & Flails
 + Level 4.0 Armour
 + Level 0.2 Dodging
 + Level 0.1 Stealth
 + Level 3.7 Shields


You had 3 spell levels left.
You didn't know any spells.
Your spell library contained the following spells:

 Spells                   Type           Power      Damage    Failure   Level
 Magic Dart               Conj           0%         1d3       100%        1
 Ensorcelled Hibernation  Hex/Ice        0%         N/A       100%        2
 Passwall                 Tmut/Erth      0%         N/A       100%        2
 Mephitic Cloud           Conj/Pois/Air  0%         N/A       100%        3
 Swiftness                Air            0%         N/A       100%        3
 Call Imp                 Summ           Unusable   N/A       N/A         2

Dungeon Overview and Level Annotations

Branches:
Dungeon (3/15)

Altars:
Okawaru
Yredelemnul


Innate Abilities, Weirdness & Mutations

You are immune to sickness and miasma.
Your stone body is resilient. (AC +3)
You are immune to poison.
You resist negative energy. (rN+)
You are resistant to electric shocks. (rElec)
You are resistant to unholy torment.
You are immune to petrification.


Message History

You kill the orc!
Okawaru accepts your kill.
Things that are here:
a +0 flail; an orc corpse
There is a stone staircase leading down here.
Found a leather armour.
No target in view!
A shadow imp comes into view.
The shadow imp shouts, "Go and return not, thou droning idle-headed apple-john!"
A shadow imp is nearby!
You thump the shadow imp!
The shadow imp is almost dead.
The shadow imp hits you but does no damage.
A shadow imp is nearby!
You barely miss the shadow imp.
The shadow imp is almost dead.
The shadow imp gestures at you. Pain shoots through your body!
A shadow imp is nearby!
You hit the shadow imp.
You kill the shadow imp!
Okawaru accepts your kill.
Done exploring.
No target in view!
Done exploring.
No target in view!
Done exploring.
No target in view!
Done exploring.
Saving game... please wait.
Welcome back, AdnanSaban the Gargoyle Fighter.
Okawaru says: Bring me glory in combat!
Welcome back, AdnanSaban the Gargoyle Fighter.
Okawaru says: Bring me glory in combat!
Welcome back, AdnanSaban the Gargoyle Fighter.
Okawaru says: Bring me glory in combat!
Welcome back, AdnanSaban the Gargoyle Fighter.
Okawaru says: Bring me glory in combat!
Press ? for a list of commands and other information.
Are you sure you want to abandon this character and quit the game? (Confirm with "yes".)

##.###############
..#.##...........#
.###.#...#######.#
#..........## #.# ............#
#.# ........<..##
#.############## .........#.#
#..............#
.........#.##################.#
.......###......@..# #.#
......## #########.# #.#
.....## #.# #.# #...## #.# #.#
...## ##.## #.# ...# ##...##
#.# ...# ##.....## #.# ####
###.......#### #.# #
#............# #.#


There were no monsters in sight!

Vanquished Creatures
  An adder (D:2)
  A shadow imp (D:3)
  2 worms
  3 dart slugs
  An orc (D:3)
  A bat (D:1)
  4 endoplasms
  2 giant cockroaches
  7 goblins
  4 hobgoblins
  2 jackals (D:2)
  4 quokkas
  2 ball pythons
  7 frilled lizards
  3 kobolds
  5 rats
49 creatures vanquished.

Notes
Turn   | Place    | Note
-------+----------+-------------------------------------------
     0 | D:1      | AdnanSaban the Gargoyle Fighter began the quest for the
                  | Orb.
     0 | D:1      | Reached XP level 1. HP: 14/14 MP: 1/1
   130 | D:1      | Reached XP level 2. HP: 19/19 MP: 2/2
   465 | D:1      | Reached XP level 3. HP: 23/23 MP: 3/3
   876 | D:2      | Found an iron altar of Okawaru.
   891 | D:2      | Became a worshipper of Warmaster Okawaru
  1147 | D:2      | Reached XP level 4. HP: 26/29 MP: 4/4
  1505 | D:3      | Found a basalt altar of Yredelemnul.
  1969 | D:3      | Quit the game

Illustrated notes

Levels and vault maps discovered:
D:1:      doesnt_arrival_eight_statues, layout_rooms
D:2:      layout_loops_ring, basic_altar, dreamdust_mushroom_princess
D:3:      layout_loops_ring, yredelemnul_altar_generic, feat_on_display

Skill      XL: |  1  2  3  4 |
---------------+-------------+-----
Fighting       | 4 |  4.1
Armour         | 4 |  4.0
Maces & Flails | |  2.6
Dodging        | |  0.2
Stealth        | |  0.1
Shields        | |  3.7

Action                     |  1- 3 |  4- 6 || total
---------------------------+-------+-------++-------
  Melee: Flail             |   126 |    28 ||   154
 Armour: Scale mail        |    62 |       ||    62
         Plate armour      |     5 |    11 ||    16
  Dodge: Dodged            |    61 |     4 ||    65
  Block: Buckler           |    17 |     5 ||    22

Table legend: (Time is in decaauts)
 A = Elapsed time spent in this place.
 B = Non-inter-level travel time spent in this place.
 C = Inter-level travel time spent in this place.
 D = Time resting spent in this place.
 E = Time spent auto-exploring this place.
 F = Levels seen in this place.
 G = Mean time per level.
                   A        B        C        D        E       F      G
               +--------+--------+--------+--------+--------+-----+--------+
         Total |   2016 |   1961 |     55 |      0 |   1579 |   3 |  672.0 |
       Dungeon |   2016 |   1961 |     55 |      0 |   1579 |   3 |  672.0 |
               +--------+--------+--------+--------+--------+-----+--------+

Top non-repeatable levels by time:
     D:2: 773 daAuts
     D:3: 631 daAuts
     D:1: 611 daAuts
